[Event "ONJK 2024 ABC"]
[Site "Velp, Netherlands"]
[Date "2024.08.07"]
[Round "7.14"]
[White "De Jong, Lode"]
[Black "Lejzerowicz, Nathan"]
[Result "1-0"]
[TimeControl "90 minutes + 30 seconds"]
[WhiteElo "1755"]
[BlackElo "1668"]

1. d4 Nf6 2. c4 c5 3. d5 b5 4. cxb5 a6 5. bxa6 Bxa6 6. Nc3 d6 7. e4 Bxf1 8. Kxf1 g6 9. g3 Bg7 10.
Kg2 O-O 11. Nf3 Nbd7 12. a4 Qb6 13. Qe2 Qb7 14. Ra3 Rfb8 15. Nb5 Nb6 16. b3 Rc8 17. Bb2 Ra5 18. Nd2 Nfd7 19. Bxg7 Kxg7 20.
Raa1 Qa8 21. Rac1 Ne5 22. f4 Ned7 23. Qd3 Nb8 24. g4 Na6 25. Qc3+ Kg8 26. Qxa5 Nd7 27. Nc4 Qb7 28. Rcd1 Nb4 29.
Qa7 Qxa7 30. Nxa7 Rb8 31. e5 dxe5 32. Nc6 Re8 33. Nxb4 cxb4 34. Nxe5 Nc5 35. Rb1 Rd8 36. Nc6 Rd7 37.
Nxb4 Kf8 38. Rhd1 Rb7 39. Nc6 Nxb3 40. Nd4 Na5 41. Rxb7 Nxb7 42. Rb1 Na5 43. Rb8+ Kg7 44. Nc6 Nc4 45.
Kf3 e6 46. dxe6 fxe6 47. Rb4 Nd2+ 48. Ke2 g5 49. fxg5 h6 50. gxh6+ Kxh6 51. Kxd2 e5 52. Nxe5 Kg5 53. h4+ Kh6 54.
a5 Kh7 55. a6 Kh6 56. a7 Kh7 57. a8=Q Kh6 58. h5 Kg5 59. Nc4 Kh6 60. g5+ Kxh5 61. Qh8+ Kg6 62. Rb6+ Kf5 63. Ne3+ Ke4 64.
g6 Kf4 65. g7 Ke4 66. Re6+ Kf4 67. Re4+ Kg5 68. g8=N Kg6 69. Re6+ Kg5 70. Qg7+ Kf4 71. Re4+ Kxe4 72. Qg4+ Ke5 73.
Nh6 Kf6 74. Qh5 Ke7 75. Qg6 Kd7 76. Qf6 Kc7 77. Qe6 Kd8 78. Qf7 Kc8 79. Qe7 Kb8 80. Qd7 Ka8 81. Nd5 Kb8 82. Nf5 Ka8 83.
Nd4 Kb8 84. Kc1 Ka8 85. Kb1 Kb8 86. Kb2 Ka8 87. Ka1 Kb8 88. Nc6+ Ka8 89. Nb6# 1-0

[Event "ONJK 2024 ABC"]
[Site "Velp, Netherlands"]
[Date "2024.08.07"]
[Round "7.15"]
[White "Zhao, Nick"]
[Black "Georgopoulos, Mylo"]
[Result "1-0"]
[TimeControl "90 minutes + 30 seconds"]
[WhiteElo "1836"]
[BlackElo "1776"]

1. d4 Nf6 2. c4 e6 3. Nf3 b6 4.
g3 Bb7 5. Bg2 h6 6. O-O Be7 7. Nc3 O-O 8. Bf4 d6 9. Re1 c5 10. d5 e5 11. Bd2 Qc8 12. e4 Nh7 13. a4 Nd7 14.
Bh3 Qd8 15. Ra3 Bc8 16. Kh1 Bg5 17. Nb5 Qe7 18. a5 Ndf6 19. Bxc8 Rfxc8 20. a6 Ng4 21. Kg2 Rd8 22. Nxg5 Nxf2 23.
Kxf2 hxg5 24. Kg2 Qd7 25. Qf3 g6 26. g4 Kg7 27. Rf1 Rf8 28. Rf2 f5 29. gxf5 Nf6 30. Bxg5 Rae8 31. Re3 Nxd5 32.
exd5 Rxf5 33. Qg3 Ref8 34. Ref3 Rg8 35. Qg4 Rgf8 36. h4 e4 37. Rxf5 gxf5 38. Qg3 Rg8 39. Qxd6 Qf7 40. Qh6# 1-0

[Event "ONJK 2024 ABC"]
[Site "Velp, Netherlands"]
[Date "2024.08.07"]
[Round "7.16"]
[White "Hesse, Frederik"]
[Black "Meert, Maarin"]
[Result "0-1"]
[TimeControl "90 minutes + 30 seconds"]
[WhiteElo "1684"]
[BlackElo "1811"]

1. d4 d5 2. c4 c6 3. Nc3 Nf6 4. Bf4 e6 5. Nf3 Bd6 6. Bg3 O-O 7. e3 Re8 8. Bd3 Bc7 9. O-O Bxg3 10.
hxg3 Nbd7 11. Ne5 Nxe5 12. dxe5 Nd7 13. f4 Qb6 14. Qd2 Nc5 15. Bc2 dxc4 16. Rad1 Bd7 17. Ne4 Nxe4 18. Bxe4 Rad8 19.
Kh2 c5 20. Qc2 h6 21. Qxc4 Bb5 22. Bh7+ Kxh7 23. Qc2+ Kg8 24. Rf2 Rxd1 25. Qxd1 Rd8 26. Qc2 c4 27. a4 Ba6 28. f5 exf5 29.
Qxf5 Qe6 30. Qh5 Rd5 31. b3 Rxe5 32. Qd1 cxb3 33. Qd8+ Kh7 34. Qc7 Rh5+ 35. Kg1 Qxe3 36. Qxf7 Qe1+ 37.
Rf1 Qxf1+ 38. Qxf1 Bxf1 39. Kxf1 b2 40. a5 b1=Q+ 41. Ke2 Qe4+ 42. Kf2 Rf5+ 43. Kg1 Qe3+ 44. Kh2 Rh5# 0-1

[Event "ONJK 2024 ABC"]
[Site "Velp, Netherlands"]
[Date "2024.08.07"]
[Round "7.17"]
[White "Koorevaar, Sarah-Joy"]
[Black "De Wit, Evan"]
[Result "1/2-1/2"]
[TimeControl "90 minutes + 30 seconds"]
[WhiteElo "1531"]
[BlackElo "1782"]

1. d4 Nf6 2. c4 e6 3. Nf3 d5 4.
g3 Bd6 5. Bg2 O-O 6. O-O c6 7. Nc3 Nbd7 8. Qc2 Re8 9. b3 b6 10. Bb2 Bb7 11. Rac1 Rc8 12. Rfd1 c5 13. dxc5 bxc5 14.
cxd5 exd5 15. e3 a6 16. Ne2 h6 17. Nh4 Be5 18. Bxe5 Nxe5 19. Nf3 d4 20. Nxe5 Bxg2 21. Kxg2 Qd5+ 22.
Nf3 g5 23. e4 Nxe4 24. Kg1 g4 25. Nf4 Qb7 26. Nh4 Ng5 27. Qf5 Re4 28. Qxg4 Kh8 29. Re1 Rg8 30. Rxe4 Qxe4 31. Qh5 Kh7 32.
Nhg2 d3 33. Qd1 Nf3+ 34. Kf1 Nxh2+ 35. Kg1 Nf3+ 36. Kh1 d2 37. Rxc5 Re8 38. Rc4 Qf5 39. Ne3 Rxe3 40. fxe3 Qg4 41.
Qc2+ Kg7 42. Qc3+ Kh7 43. Qc2+ 1/2-1/2

[Event "ONJK 2024 ABC"]
[Site "Velp, Netherlands"]
[Date "2024.08.07"]
[Round "7.18"]
[White "Burger, Dominick"]
[Black "Bloemberg, Jesper"]
[Result "0-1"]
[TimeControl "90 minutes + 30 seconds"]
[WhiteElo "1686"]
[BlackElo "1692"]

1. e4 c5 2. Nc3 Nc6 3. f4 d6 4. Nf3 e6 5. Bb5 Nge7 6. O-O a6 7. Bxc6+ Nxc6 8. d3 Be7 9. Qe1 Bf6 10.
a3 Bd7 11. Bd2 Qc7 12. Qf2 b5 13.
e5 Be7 14. Ne4 Nd8 15. Be3 Nb7 16. c4 d5 17. cxd5 exd5 18. Nxc5 Bxc5 19. Bxc5 Qxc5 20. d4 Qe7 21. Nd2 O-O 22.
Qf3 Bc6 23. Qh5 g6 24. Qh6 Rfd8 25. Nf3 Qf8 26. Qh4 Bd7 27. g4 Qg7 28. Kh1 h6 29. f5 g5 30. Qh5 f6 31. Rae1 Be8 32.
Qh3 Rd7 33. exf6 Qxf6 34. Re6 Qg7 35. Rxh6 Rd6 36. Rxd6 Nxd6 37. Ne5 Qh7 38. Qf3 Bf7 39. Nd7 Qg7 40. Nb6 Rd8 41. Nxd5 Qxd4 42.
Ne7+ Kf8 43. Ng6+ Kg7 44. Qh3 Bd5+ 0-1

[Event "ONJK 2024 ABC"]
[Site "Velp, Netherlands"]
[Date "2024.08.07"]
[Round "7.19"]
[White "Van Ewijk, Abel"]
[Black "Vogels, Mathijs"]
[Result "0-1"]
[TimeControl "90 minutes + 30 seconds"]
[WhiteElo "1484"]
[BlackElo "1732"]

1. e4 e5 2. Nf3 Nc6 3. d4 exd4 4. Nxd4 Bc5 5. Nb3 Bb6 6. Qe2 Nge7 7. Nc3 d6 8. Be3 Be6 9. O-O-O Bxb3 10.
axb3 Qd7 11. f4 f6 12. Kb1 Bxe3 13. Qxe3 O-O-O 14. g4 Kb8 15. f5 h6 16. Bc4 g6 17. h3 Qe8 18. Be6 Ne5 19.
Rd4 Nd7 20. Ra4 Nc5 21. Ra3 a6 22. Bc4 gxf5 23. gxf5 Nxf5 24. Qf2 Ne7 25. Qxf6 Nd7 26. Qd4 Nc6 27. Qe3 Nb6 28. Be2 d5 29. Qd3 dxe4 30. Qxe4 Qxe4 31. Nxe4 Rhe8 32. Nc3 Re3 33.
Bd3 Rde8 34. Kc1 Nd4 35. Ra5 Re1+ 36. Rxe1 Rxe1+ 37. Nd1 c6 38. Rh5 Nd5 39. Rxh6 Ne3 40. Kd2 Nf3+ 41. Kc3 Nxd1+ 42. Kb4 Nxb2 43. Rh8+ Kc7 44. Rh7+ Kb6 45. Bf5 Re8 46. Rd7 Re5 47. Bg4 Re3 48. Rg7 a5+ 49. Ka3 Nc4+ 50. Ka2 Nd6 51.
Rg6 Nb5 52. Rg7 Ne5 53. Bc8 Nd6 54. Be6 Nd3 55. Bg4 Nf2 56. h4 Rg3 57. Rg6 Rxg4 58. Rxd6 Rxh4 59. Rd2 Ne4 60. Rd4 Nc3+ 61.
Kb2 Rxd4 62. Kxc3 Rh4 63. Kb2 Kc5 64. Ka3 Rh1 65. Kb2 b5 66. Kc3 b4+ 67. Kb2 Kd4 68. Ka2 c5 69. Kb2 Rh2 70.
Kc1 Kc3 71. Kb1 Rxc2 72. Ka1 Kxb3 73. Kb1 Rc4 74. Ka1 Rc1# 0-1

[Event "ONJK 2024 ABC"]
[Site "Velp, Netherlands"]
[Date "2024.08.07"]
[Round "7.20"]
[White "Zouridis, Christian"]
[Black "Ehrismann, Armin"]
[Result "1-0"]
[TimeControl "90 minutes + 30 seconds"]
[WhiteElo "1713"]
[BlackElo "1408"]

1. e4 e5 2. Nf3 Nc6 3. Bb5 Bc5 4. Nc3 d6 5. h3 Bd7 6. d3 Nf6 7. Bg5 h6 8. Bh4 g5 9. Bg3 Qe7 10.
a3 O-O-O 11. Na4 d5 12. Qe2 d4 13. Bxc6 Bxc6 14. Nxc5 Qxc5 15. Bxe5 Qe7 16. Bxd4 b6 17. O-O-O Bd7 18.
Qd2 g4 19. hxg4 Bxg4 20. Qc3 Rd6 21. e5 Nd5 22. exd6 Nxc3 23. dxe7 Nxd1 24. Bxh8 Kd7 25. Re1 Be6 26. Kxd1 Kxe7 27.
Nd4 Kd7 28. Nxe6 fxe6 29. Rh1 a5 30. Rxh6 a4 31. Bc3 c5 32. g4 c4 33. g5 b5 34. g6 b4 35. Bxb4 cxd3 36. cxd3 e5 37.
g7 e4 38. g8=Q exd3 39. Qf7+ Kd8 40. Rh8# 1-0

[Event "ONJK 2024 ABC"]
[Site "Velp, Netherlands"]
[Date "2024.08.07"]
[Round "8.1"]
[White "Musabayeva, Diana"]
[Black "Decraene, Lotus"]
[Result "0-1"]
[TimeControl "90 minutes + 30 seconds"]
[WhiteElo "1871"]
[BlackElo "1799"]

1. e4 c5 2. Nf3 d6 3. d4 cxd4 4. Nxd4 Nf6 5. Nc3 a6 6. f3 e5 7. Nb3 Be6 8. Be3 Nbd7 9. Qd2 Be7 10. g4 O-O 11. O-O-O b5 12. g5 Nh5 13. Ne2 g6 14. Ng3 Ng7 15. h4 Re8 16. h5 Bxb3 17. axb3 Nf8 18. Bh3 Nge6 19. hxg6 fxg6 20. Bxe6+ Nxe6 21. Qh2 Nf8 22. Qh6 Qc7 23. f4 exf4 24. Bxf4 Rac8 25. Rh2 a5 26. Rd5 b4 27. Kb1 a4 28. Rd3 axb3 29. Rxb3 Ra8 30. Be3 Qa5 31. Kc1 Qe5 32. Ne2 Ra1+ 33. Kd2 Rc8 34. Rxb4 d5 35. Rb5 Qxe4 36. Nd4 Qg4 37. Ne2 Qc4 38.
Nd4 Qf1 39. Bf2 Rd1+ 40. Ke3 Rxd4 41. Kxd4 Qc4+ 42. Ke3 Qe4+ 43. Kd2 Rxc2+ 44. Kd1 Qe2# 0-1

[Event "ONJK 2024 ABC"]
[Site "Velp, Netherlands"]
[Date "2024.08.07"]
[Round "8.2"]
[White "Elferink, Leon"]
[Black "Ganeshram, Nirupa"]
[Result "1-0"]
[TimeControl "90 minutes + 30 seconds"]
[WhiteElo "1900"]
[BlackElo "1695"]

1. e4 c5 2. Nf3 d6 3. Nc3 Nc6 4. d4 cxd4 5. Nxd4 g6 6. Be3 Nf6 7. Be2 Bg7 8. O-O O-O 9. h3 Bd7 10.
Qd2 a6 11. f4 Rc8 12. g4 b5 13. a3 Na5 14. f5 Nc4 15. Bxc4 Rxc4 16. Rad1 Qb8 17. b3 Rcc8 18. Nd5 Nxd5 19.
exd5 Qc7 20. Rf2 Qc3 21. fxg6 hxg6 22. Qe2 Qb2 23. Bc1 Qc3 24. Be3 Qb2 25. h4 Qxa3 26. h5 e5 27. dxe6 fxe6 28.
hxg6 e5 29. Nf5 Bxf5 30. gxf5 Bf6 31. Qf3 Kg7 32. Qb7+ Kg8 33. Qh7# 1-0

[Event "ONJK 2024 ABC"]
[Site "Velp, Netherlands"]
[Date "2024.08.07"]
[Round "8.3"]
[White "Faybish, Dana"]
[Black "Rogozyanskiy, Alexander"]
[Result "0-1"]
[TimeControl "90 minutes + 30 seconds"]
[WhiteElo "1707"]
[BlackElo "1803"]

1. e4 c5 2. d4 cxd4 3. c3 dxc3 4. Nxc3 Nc6 5. Nf3 d6 6. Bc4 a6 7. h3 Nf6 8. e5 dxe5 9. Qxd8+ Nxd8 10.
Nxe5 Be6 11. Bd3 g6 12. O-O Bg7 13. Bf4 Nd5 14. Nxd5 Bxd5 15. Rfe1 Nc6 16. Nxc6 Bxc6 17. Bd6 O-O-O 18. Rxe7 Rxd6 19. Bc4 Rd7 20. Re2 Rhd8 21. Rc1 Bh6 22. Rcc2 Rd1+ 23. Kh2 Bf4+ 24. g3 0-1

[Event "ONJK 2024 ABC"]
[Site "Velp, Netherlands"]
[Date "2024.08.07"]
[Round "8.4"]
[White "Bernfeld, Ben"]
[Black "De Vries, Arjan"]
[Result "0-1"]
[TimeControl "90 minutes + 30 seconds"]
[WhiteElo "1438"]
[BlackElo "1843"]

1. e4 d5 2. exd5 Qxd5 3. Nc3 Qa5 4. Bc4 e5 5. d3 Nf6 6. Bd2 c6 7. Nf3 Bg4 8. h3 Bh5 9. Ne2 Qc7 10.
Ng3 Bg6 11. O-O Bd6 12. Bc3 Nbd7 13. Re1 O-O-O 14. b4 e4 15. Nd2 exd3 16. Bxd3 Bxd3 17. cxd3 Bxg3 18. fxg3 Qxg3 19. Qc2 Rhe8 20.
Nf3 Nd5 21. Bd4 Nf4 22. Kf1 Kb8 23. Ne5 Nxe5 24. Bxe5+ Ka8 25. Re4 Qxd3+ 26. Qxd3 Nxd3 27. Rd1 Nxe5 28. Rxd8+ Rxd8 29. Rxe5 a6 30.
Ke2 Rd7 31. Re8+ Ka7 32. Re5 Kb6 33. a4 Kc7 34. Re4 h6 35. Rf4 Kd6 36. Rd4+ Ke6 37. Re4+ Kd5 38. Re3 Kc4 39. Re4+ Kb3 40.
a5 Kc3 41. Kf3 Rd3 42. Kf2 Rd7 43. Kf3 f5 44. Rf4 Rf7 45. g4 fxg4 46. hxg4 Rxf4 47. Kxf4 g6 48. Ke5 h5 49. g5 h4 50.
Kf4 Kxb4 51. Ke5 0-1

[Event "ONJK 2024 ABC"]
[Site "Velp, Netherlands"]
[Date "2024.08.07"]
[Round "8.5"]
[White "Hesse, Lucas"]
[Black "Blokzijl, Ruben"]
[Result "1/2-1/2"]
[TimeControl "90 minutes + 30 seconds"]
[WhiteElo "1708"]
[BlackElo "1743"]

1. e4 e5 2. Nf3 Nc6 3. Bc4 Bc5 4. c3 Nf6 5. d4 exd4 6. cxd4 Bb4+ 7. Bd2 Bxd2+ 8. Nbxd2 d5 9. exd5 Nxd5 10.
Qb3 Nce7 11. O-O O-O 12. Rfe1 c6 13. a4 a5 14. Ne4 Nb6 15. Bxf7+ Rxf7 16. Nfg5 Ned5 17. Nxf7 Kxf7 18. Qf3+ Nf6 19.
h3 Nbd5 20. Rad1 Kg8 21. g4 Nxe4 22. Rxe4 Bd7 23. Rde1 Qf8 24. Qb3 Qb4 25. R1e3 b6 26. Rf3 Re8 27. Rxe8+ Bxe8 28. Qd3 Qe7 29.
Qf5 Bg6 30. Qc8+ Qe8 31. Qb7 Bc2 32. h4 Bxa4 33. Rf5 Bb5 34. Re5 Qf8 35. Rf5 Qe8 36. Re5 Qf8 37. Rf5 Qe8 1/2-1/2

[Event "ONJK 2024 ABC"]
[Site "Velp, Netherlands"]
[Date "2024.08.07"]
[Round "8.6"]
[White "Kool, Jesper"]
[Black "Blok, Xaveer"]
[Result "1/2-1/2"]
[TimeControl "90 minutes + 30 seconds"]
[WhiteElo "1823"]
[BlackElo "1885"]

1. e4 c5 2. c3 d5 3. exd5 Qxd5 4.
d4 Nf6 5. Nf3 Bg4 6. Be2 e6 7. Be3 cxd4 8. Bxd4 Be7 9. Qa4+ Nfd7 10. Bxg7 Rg8 11. Qxg4 Bf6 12. Qc4 Qxc4 13. Bxc4 Rxg7 14.
O-O Nc6 15. Nbd2 O-O-O 16. Bb5 h5 17. Ne4 Be7 18. Bxc6 bxc6 19. Rad1 Kc7 20. Rd2 Rdg8 21. g3 f5 22. Rfd1 Nb6 23.
Nd6 Rd8 24. c4 Rxd6 25. c5 Rxd2 26. cxb6+ axb6 27. Rxd2 Bf6 28. Re2 Re7 29. Ne1 e5 1/2-1/2

[Event "ONJK 2024 ABC"]
[Site "Velp, Netherlands"]
[Date "2024.08.07"]
[Round "8.7"]
[White "Sapulette, Jay-Giani"]
[Black "Madularea, David"]
[Result "0-1"]
[TimeControl "90 minutes + 30 seconds"]
[WhiteElo "1746"]
[BlackElo "2190"]

1. e4 c5 2. Nf3 d6 3. d4 cxd4 4. Nxd4 Nf6 5. Nc3 a6 6. f4 g6 7. Be2 Nc6 8. Be3 h5 9. h3 Bd7 10.
O-O Bg7 11. a3 b5 12. Bf3 Rc8 13. Qd2 O-O 14. Rad1 Qc7 15. Qf2 Na5 16. Be2 Nc4 17. Bxc4 Qxc4 18. Qh4 b4 19. axb4 Qxb4 20.
Nb3 Rxc3 21. bxc3 Qxc3 22. Bd4 Qxc2 23. Bxf6 Bxf6 24. Qg3 Ba4 25. Rb1 Rb8 26. e5 Bg7 27. exd6 exd6 28. Rfc1 Rxb3 0-1

[Event "ONJK 2024 ABC"]
[Site "Velp, Netherlands"]
[Date "2024.08.07"]
[Round "8.8"]
[White "Frederiks, Jesse"]
[Black "Musabayev, Maxim"]
[Result "1/2-1/2"]
[TimeControl "90 minutes + 30 seconds"]
[WhiteElo "1757"]
[BlackElo "1824"]

1. d4 d5 2. Nf3 e6 3. e3 c5 4. Be2 Nf6 5. O-O Nbd7 6. b3 Bd6 7. Bb2 O-O 8. Nbd2 Re8 9. Ne5 b6 10.
f4 Ne4 11. Nxe4 dxe4 12. Bb5 Bxe5 13. dxe5 Qc7 14. Qe2 a6 15. Bxd7 Bxd7 16. Rfd1 Bb5 17. c4 Bc6 18. Rd6 a5 1/2-1/2

[Event "ONJK 2024 ABC"]
[Site "Velp, Netherlands"]
[Date "2024.08.07"]
[Round "8.9"]
[White "Vertongen, Jack"]
[Black "Van Groning, Christian"]
[Result "1/2-1/2"]
[TimeControl "90 minutes + 30 seconds"]
[WhiteElo "1674"]
[BlackElo "1778"]

1. c4 e5 2. Nc3 Nf6 3. Nf3 Nc6 4.
e3 Bb4 5. Qb3 Bxc3 6. Qxc3 d6 7. d4 e4 8. Nd2 Bf5 9. b3 O-O 10. Bb2 d5 11. Be2 Qd6 12. a4 Rfe8 13. Ba3 Qe6 14. h3 a5 15. Nf1 Bg6 16. Ng3 h5 17. h4 Ng4 18. cxd5 Qxd5 19. Bxg4 hxg4 20. Qc4 Qxc4 21. bxc4 Nb4 22. Bxb4 axb4 23.
Ke2 b6 24. h5 Bh7 25. Nf1 Ra5 26. Nd2 Rea8 27. Rhb1 Rxa4 28. Rxa4 Rxa4 29. d5 Kf8 30. Kd1 Ke7 31. Kc2 Ra2+ 32.
Rb2 1/2-1/2

[Event "ONJK 2024 ABC"]
[Site "Velp, Netherlands"]
[Date "2024.08.07"]
[Round "8.10"]
[White "De Rycke, Killian"]
[Black "Helderman, Faas"]
[Result "0-1"]
[TimeControl "90 minutes + 30 seconds"]
[WhiteElo "1751"]
[BlackElo "1603"]

1. e4 c6 2. d4 d5 3. exd5 cxd5 4. Bd3 Nc6 5. c3 Nf6 6. Ne2 e6 7. Bf4 Bd6 8. Nd2 O-O 9. O-O a6 10.
Nf3 Bxf4 11. Nxf4 b5 12. Re1 Rb8 13. Ne5 Qd6 14. Qf3 b4 15. Nh5 Nxh5 16. Qxh5 h6 17. Re3 Nxe5 18. dxe5 Qe7 19.
Rg3 Kh8 20. Rg6 fxg6 21. Qxg6 Rf5 22. g4 Qg5 23. Qe8+ Kh7 24. h3 g6 25. Bxf5 gxf5 26. f4 Qg7 27. g5 bxc3 28. bxc3 a5 29. h4 Qa7+ 30. Kh1 d4 31. g6+ Kg7 32.
Qf7+ Qxf7 33. gxf7 Kxf7 34. cxd4 Bb7+ 35. Kh2 Bd5 36. a3 Rb2+ 37. Kg3 Kg6 38. Kh3 Rd2 39. Rc1 Rxd4 40. Rc8 Rxf4 41.
Rf8 Re4 42. Rf6+ Kg7 43. h5 Rxe5 44. Rg6+ Kh7 45. Rf6 Re3+ 46.
Kh4 Bg2 47. Rf7+ Kg8 48. a4 Rh3# 0-1

[Event "ONJK 2024 ABC"]
[Site "Velp, Netherlands"]
[Date "2024.08.07"]
[Round "8.11"]
[White "Henckens, Elof"]
[Black "Hagen, Carlijn"]
[Result "1-0"]
[TimeControl "90 minutes + 30 seconds"]
[WhiteElo "1707"]
[BlackElo "1645"]

1. d4 d5 2. Bf4 Nf6 3.
e3 Bf5 4. c4 e6 5. Qb3 Qc8 6. Nc3 c6 7. h3 Nbd7 8. Nf3 Ne4 9. Nh4 Ndf6 10. Nxf5 exf5 11. cxd5 cxd5 12. Bb5+ Nd7 13.
Nxd5 Kd8 14. Ke2 Bd6 15. Rac1 Qb8 16. Rc7 Bxc7 17. Bxc7+ Qxc7 18. Nxc7 Kxc7 19. Qxf7 Nef6 20. Rc1+ Kd8 21.
Bxd7 Nxd7 22. Qxg7 Re8 23. Qxh7 1-0

[Event "ONJK 2024 ABC"]
[Site "Velp, Netherlands"]
[Date "2024.08.07"]
[Round "8.12"]
[White "Zhezheria, Maksym"]
[Black "Janssen, Thijn"]
[Result "1-0"]
[TimeControl "90 minutes + 30 seconds"]
[WhiteElo "1626"]
[BlackElo "1465"]

1. d4 d5 2. c4 e6 3. Nc3 Nf6 4. Bg5 Bb4 5. Nf3 Nc6 6. Ne5 h6 7. Bh4 Bd7 8. e3 Nxe5 9. dxe5 g5 10. Bxg5 hxg5 11. exf6 dxc4 12.
Bxc4 Qxf6 13. Rc1 O-O-O 14. Qb3 Bc5 15. Ne4 Qe5 16. Nxc5 Qxc5 17. Ke2 Qe5 18. h3 Bc6 19. Rhg1 Qg7 20.
Ba6 g4 21. Rxc6 bxa6 22. Rxa6 gxh3 23. Rxa7 h2 24. Qb7+ Kd7 25. Qxc7+ 1-0

[Event "ONJK 2024 ABC"]
[Site "Velp, Netherlands"]
[Date "2024.08.07"]
[Round "8.13"]
[White "Meert, Maarin"]
[Black "Roebers, Bregje"]
[Result "1/2-1/2"]
[TimeControl "90 minutes + 30 seconds"]
[WhiteElo "1811"]
[BlackElo "1796"]

1. c4 f5 2. d4 g6 3. Nc3 Nf6 4. Nf3 Bg7 5. Bf4 O-O 6. h3 d6 7. e3 c6 8. Be2 Nbd7 9. O-O Qe8 10.
d5 c5 11. Qc2 Nb8 12. Rab1 Na6 13. a3 h6 14. b4 b6 15. b5 Nc7 16. Bd3 g5 17. Bh2 Nh5 18. Nd2 Qf7 19. Ne2 Kh8 20.
f4 gxf4 21. Nxf4 Nxf4 22. Rxf4 e6 23. e4 Bd4+ 24. Kh1 e5 25. Rf3 f4 26. Bg1 Qh5 27. Bxd4 exd4 28. Kg1 Rg8 29. Kf1 Bd7 30.
Nb3 Rg3 31. Rxg3 fxg3 32. Kg1 Bxh3 33. gxh3 Qxh3 34. Qg2 Qg4 35. Rf1 h5 36. Qf3 Qh3 37. Qf6+ Kg8 38. Qf7+ Kh8 39. Qf6+ Kg8 40.
Qg5+ Kh8 41. Qf6+ 1/2-1/2

[Event "ONJK 2024 ABC"]
[Site "Velp, Netherlands"]
[Date "2024.08.07"]
[Round "8.14"]
[White "Zhao, Nick"]
[Black "De Jong, Lode"]
[Result "1/2-1/2"]
[TimeControl "90 minutes + 30 seconds"]
[WhiteElo "1836"]
[BlackElo "1755"]

1. d4 Nf6 2. c4 e6 3. Nf3 Bb4+ 4.
Bd2 Qe7 5. g3 Nc6 6. Bg2 Bxd2+ 7. Nbxd2 d6 8. e4 a5 9. O-O e5 10. d5 Nb8 11. Ne1 h5 12. Nd3 b6 13. f4 h4 14.
f5 hxg3 15. hxg3 Nh5 16. g4 Nf6 17. Kf2 g6 18. g5 Nh7 19. f6 Qf8 20. Nf3 Bg4 21. Qd2 Nd7 22. Rh1 O-O-O 23. Nh2 Ndxf6 24. gxf6 Bd7 25. Bf3 Nxf6 26. Qg5 Qg7 27. Ng4 Bxg4 28. Bxg4+ Kb7 29. Ke3 Rdg8 30. Bf3 Nd7 31. Rxh8 Rxh8 32.
Rh1 f6 33. Qg2 Rxh1 34. Qxh1 f5 35. Kd2 Nf6 36. Kc3 g5 37. Kc2 g4 38. Bg2 f4 39. Nf2 f3 40. Bxf3 1/2-1/2

[Event "ONJK 2024 ABC"]
[Site "Velp, Netherlands"]
[Date "2024.08.07"]
[Round "8.15"]
[White "De Wit, Evan"]
[Black "Dijkhuijsen, Thomas"]
[Result "1-0"]
[TimeControl "90 minutes + 30 seconds"]
[WhiteElo "1782"]
[BlackElo "1750"]

1. d4 Nf6 2. Bg5 c5 3. d5 d6 4.
c4 g6 5.
Bxf6 exf6 6. Nc3 Bg7 7. e4 Nd7 8. Be2 O-O 9. Nf3 Ne5 10. O-O Re8 11. Nd2 f5 12. f4 Ng4 13. Bxg4 fxg4 14.
f5 Bd4+ 15. Kh1 Qh4 16. Rf4 Bxc3 17. bxc3 Qf6 18. Qf1 Qxc3 19. Rd1 Bd7 20. Rxg4 Ba4 21. Nb3 Bxb3 22. axb3 a5 23. Qf4 Qe5 24.
Qh6 Qg7 25. Qh4 Re5 26. Qg3 Rae8 27. Rf1 Qf6 28. Qf3 Qe7 29. fxg6 fxg6 30. Rf4 Rxe4 31. Rf7 Qd8 32. Rxb7 R4e7 33.
Rxe7 Qxe7 34. h3 Rf8 35. Qd1 Rxf1+ 36. Qxf1 Qe3 37. Qf6 Qe1+ 38. Kh2 Qe5+ 39. Qxe5 dxe5 40. Kg3 Kf7 41. Kf3 h6 42.
g3 Ke7 43. Ke3 Kf7 44. Ke4 Kf6 45. d6 Ke6 46. d7 Kxd7 47. Kxe5 Kc6 48. Ke6 Kc7 49. Kd5 h5 50. h4 Kb6 51.
Kd6 a4 52. bxa4 Ka5 53. Kxc5 Kxa4 54. Kd6 Ka5 55. c5 g5 56. hxg5 h4 57. gxh4 Ka6 58. c6 Kb6 59. Kd7 Ka6 60. c7 Ka5 61. c8=Q Kb4 62. Qc2 Kb5 63.
Qc3 Kb6 64. Qc4 Kb7 65. Qb5+ Ka7 66. Kc8 Ka8 67. Qa6# 1-0

[Event "ONJK 2024 ABC"]
[Site "Velp, Netherlands"]
[Date "2024.08.07"]
[Round "8.16"]
[White "Georgopoulos, Mylo"]
[Black "Lejzerowicz, Nathan"]
[Result "1-0"]
[TimeControl "90 minutes + 30 seconds"]
[WhiteElo "1776"]
[BlackElo "1668"]

1. e4 c5 2. Nf3 Nc6 3. d4 cxd4 4. Nxd4 g6 5. Nc3 Bg7 6. Be3 Nf6 7. Bb5 O-O 8. O-O a6 9. Bxc6 bxc6 10.
Qd2 Qc7 11. Nf3 d6 12. Bh6 Rb8 13. Bxg7 Kxg7 14. b3 Bd7 15. Rfe1 Bg4 16. e5 Bxf3 17. exf6+ exf6 18. gxf3 h5 19.
Qf4 f5 20. Rad1 Rbd8 21. Ne2 Qa5 22. Ng3 Qxa2 23. Nxh5+ Kh7 24. Rxd6 Qxc2 25. Rxd8 Rxd8 26. Nf6+ Kg7 27. Ne8+ Kg8 28.
Qe5 Rxe8 29. Qxe8+ Kg7 30. Qe5+ Kg8 31. Qf6 Qc5 32. Re8+ Qf8 33. Rxf8+ Kxf8 34. Qxc6 a5 35. Qa8+ Ke7 36. Qxa5 f4 37. b4 g5 38.
Qxg5+ f6 39. Qxf4 f5 40. Qe5+ Kd8 41. Qg7 f4 42. h4 Kc8 43. h5 Kd8 44. h6 Ke8 45. h7 Kd8 46. h8=Q# 1-0

[Event "ONJK 2024 ABC"]
[Site "Velp, Netherlands"]
[Date "2024.08.07"]
[Round "8.17"]
[White "Bloemberg, Jesper"]
[Black "Koorevaar, Sarah-Joy"]
[Result "1/2-1/2"]
[TimeControl "90 minutes + 30 seconds"]
[WhiteElo "1692"]
[BlackElo "1531"]

1. d4 e6 2. c4 Nf6 3. Nf3 d5 4. Nc3 h6 5. cxd5 exd5 6. Bf4 Bb4 7. e3 O-O 8. Bd3 Nc6 9. O-O Nh5 10.
Bg3 Re8 11. a3 Nxg3 12. hxg3 Bxc3 13. bxc3 Bg4 14. Rb1 b6 15. c4 Na5 16. Qa4 dxc4 17. Bxc4 Nxc4 18. Qxc4 Be6 19. Qc3 Rc8 20.
Rfd1 Qd5 21. Ne5 f6 22. Nc6 a5 23. Na7 Rb8 24. Nb5 Rec8 25. Qb2 Qa2 26. Qxa2 Bxa2 27. Rbc1 c6 28. Na7 Rc7 29. Nxc6 Re8 30. Rd2 Bd5 31.
Rdc2 Kh7 32. Nb4 Rxc2 33. Nxc2 Rc8 34. Rb1 Rxc2 35. Rxb6 Ra2 36. Rb5 Ra1+ 37. Kh2 Bc4 38. Rxa5 Ra2 39.
Rf5 Rxa3 40. Rc5 Bf7 41. g4 Rd3 42. Kg3 g5 43. Rc7 Kg6 44. Re7 Bb3 45. f4 gxf4+ 46. Kxf4 Rd2 47. Kg3 Bc4 1/2-1/2

[Event "ONJK 2024 ABC"]
[Site "Velp, Netherlands"]
[Date "2024.08.07"]
[Round "8.18"]
[White "Vogels, Mathijs"]
[Black "Zouridis, Christian"]
[Result "1-0"]
[TimeControl "90 minutes + 30 seconds"]
[WhiteElo "1732"]
[BlackElo "1713"]

1. e4 e5 2. Nf3 Nc6 3. Bc4 Bc5 4.
c3 d6 5.
d4 exd4 6. cxd4 Bb4+ 7. Bd2 Bxd2+ 8. Nbxd2 Bg4 9. h3 Bh5 10. d5 Ne5 11. Be2 Nxf3+ 12. Bxf3 Bxf3 13. Nxf3 Nf6 14. O-O O-O 15.
Re1 Re8 16. Qc2 Qd7 17. Rac1 Rac8 18. Nd4 a6 19. f3 g6 20. Qc3 Qe7 21. Qd2 Nh5 22. Qh6 Qe5 23. Qd2 Nf4 24. Ne2 Nxe2+ 25. Qxe2 Qd4+ 26. Qf2 Qxf2+ 27. Kxf2 Re7 28. Re3 Rce8 29. Rec3 Rc8 30. Rb3 b6 31. Rxb6 Ra8 32. Rbc6 Ra7 33.
R1c4 Rb7 34. b3 Ra7 35. Ra4 f5 36. exf5 Re5 37. fxg6 Rxd5 38. gxh7+ Kxh7 39. Rcxa6 Rxa6 40. Rxa6 Rd2+ 41.
Kg3 Rc2 42. Ra7 d5 43. Kf4 Rxg2 44. Rxc7+ Kg6 45. Ra7 d4 46. Ke4 Rd2 47. Ra4 d3 48. Ke3 Rd1 49. Rd4 Ra1 50. a4 Rh1 51.
Rxd3 Rxh3 52. Ke4 Rh4+ 53. f4 Rh5 54. f5+ Kf6 55. Rd6+ Ke7 56. Rb6 Rh4+ 57. Ke5 Rh1 58. Rb7+ Kf8 59.
Kf6 Rh6+ 60. Kg5 Rc6 61. f6 Rc5+ 62. Kg6 Rc8 63. Rh7 Ke8 64. f7+ Kd7 65. f8=Q+ Ke6 66. Qf5+ Kd6 67. Rd7+ Kc6 68.
Qb5# Kd5 1-0

[Event "ONJK 2024 ABC"]
[Site "Velp, Netherlands"]
[Date "2024.08.07"]
[Round "8.19"]
[White "Breider, Jayden"]
[Black "Hesse, Frederik"]
[Result "1/2-1/2"]
[TimeControl "90 minutes + 30 seconds"]
[WhiteElo "1594"]
[BlackElo "1684"]

1. e4 c6 2. d4 d5 3. Nc3 dxe4 4.
Nxe4 Bf5 5. Ng3 Bg6 6. h4 h5 7. Nh3 Nf6 8. Nf4 c5 9. Nxg6 fxg6 10. Bb5+ Nc6 11. Qd3 Kf7 12. Bxc6 bxc6 13.
Qb3+ Qd5 14. Qxd5+ cxd5 15. dxc5 e5 16. b4 a5 17. c3 d4 18. Bd2 Nd5 19. Ne4 dxc3 20. Bxc3 Nxc3 21. Nxc3 axb4 22.
Ne4 b3 23. a3 Ra5 24. Rh3 b2 25. Rb1 Bxc5 26. Nxc5 Rxc5 27. Rxb2 Ra8 28. Rb7+ Kg8 29. Rb6 Rc2 30. Rxg6 Rb8 31.
Rd3 Rb1+ 32. Rd1 Rbb2 33. Rg5 Re2+ 34. Kf1 Rxf2+ 35. Kg1 e4 36. Re1 Rf4 37. g3 Rff2 38. Rxe4 Rfc2 39. Re1 Ra2 40.
a4 Rxa4 41. Rxh5 Raa2 42. Rg5 Rg2+ 43. Kh1 Rgf2 44. Kg1 Rfb2 45. h5 Kh7 46. g4 Rb4 47. Kh1 Raa4 48. Re7 Rb2 49. Rgxg7+ Kh8 50.
Ra7 Rc4 51. Rgc7 Rxg4 52. h6 Rb5 53. Rh7+ Kg8 54. Rhg7+ Rxg7 55. Rxg7+ Kh8 56. Rg6 Kh7 57. Rd6 Rh5+ 58. Kg2 Rxh6 59. Rd7+ Kg8 60. Kg3 Ra6 61. Kg4 Kf8 1/2-1/2